[ AOE2 MATCH · #494497350 ]
UnrankedWu vs Vietnamese
Player's team · WIN
Rival team · LOSS
[ REPLAY ANALYSIS · EXTRACTED FROM THE RECORDED GAME ]
Feudal
10:42
Castle
27:17
Imperial
—
| APM avg | 75.6 |
| APM peak | 125 |
| eAPM avg | 32.9 |
| Villagers / military | 75 / 40 |
Focus
⚔️ 38.2% · 🌾 61.8%
Archer ×21 · Skirmisher ×10 · Militia ×6 · Fishing Ship ×4 · Unknown (1944) ×4 · Mangonel ×3
Feudal
12:28
Castle
28:33
Imperial
—
| APM avg | 54.9 |
| APM peak | 90 |
| eAPM avg | 30.0 |
| Villagers / military | 94 / 41 |
Focus
⚔️ 35.6% · 🌾 64.4%
Skirmisher ×41 · Fishing Ship ×22 · Unknown (2626) ×4
Match map
Initial resources + every placement click. Lines = walls · curves = elevation contours. ◆ gold · ⬟ stone · ● berries · ✦ relic · ◌ wall gap
Your base· ✓ Map-separated
Lemon's base· ✓ Map-separated
Smoothed initial terrain · ◌ = detected wall gap · hover for details
Inputs per minute
— 奉天讨贼 Latin America lagge - - Lemon
Build order — 奉天讨贼 Latin America lagge
First 150 of 202 actions detected
| 0:00 | Create | Villager (Male) |
| 0:02 | Build | House |
| 0:02 | Build | House |
| 0:06 | Create | Villager (Male) |
| 0:06 | Create | Villager (Male) |
| 0:07 | Create | Villager (Male) |
| 0:07 | Create | Villager (Male) |
| 1:26 | Create | Villager (Male) |
| 1:27 | Create | Villager (Male) |
| 2:02 | Create | Villager (Male) |
| 2:09 | Build | Dock |
| 2:33 | Create | Villager (Male) |
| 2:33 | Create | Villager (Male) |
| 2:58 | Create | Villager (Male) |
| 2:59 | Create | Villager (Male) |
| 3:11 | Create | Villager (Male) |
| 3:11 | Create | Villager (Male) |
| 3:12 | Create | Villager (Male) |
| 3:36 | Build | House |
| 3:53 | Create | Fishing Ship |
| 4:13 | Create | Villager (Male) |
| 4:13 | Create | Villager (Male) |
| 4:36 | Create | Villager (Male) |
| 4:36 | Create | Villager (Male) |
| 4:38 | Build | Lumber Camp |
| 4:54 | Create | Villager (Male) |
| 4:54 | Create | Villager (Male) |
| 5:17 | Create | Villager (Male) |
| 5:17 | Create | Villager (Male) |
| 5:17 | Create | Villager (Male) |
| 5:21 | Build | House |
| 5:35 | Create | Fishing Ship |
| 6:06 | Create | Villager (Male) |
| 6:07 | Create | Villager (Male) |
| 6:12 | Create | Fishing Ship |
| 6:32 | Build | Palisade Wall |
| 6:38 | Build | Palisade Wall |
| 6:39 | Build | Palisade Wall |
| 6:42 | Build | Palisade Wall |
| 7:01 | Create | Fishing Ship |
| 7:02 | Create | Villager (Male) |
| 7:03 | Build | House |
| 7:35 | Create | Villager (Male) |
| 7:36 | Create | Villager (Male) |
| 7:36 | Create | Villager (Male) |
| 7:36 | Create | Villager (Male) |
| 7:57 | Research | Loom |
| 8:02 | Create | Villager (Male) |
| 8:19 | Build | Barracks |
| 8:32 | Research | Feudal Age |
| 8:32 | Research | Feudal Age |
| 9:09 | Build | Mining Camp |
| 9:11 | Create | Militia |
| 9:11 | Create | Militia |
| 9:12 | Build | House |
| 9:14 | Create | Militia |
| 9:35 | Build | Mining Camp |
| 9:41 | Create | Militia |
| 9:56 | Create | Militia |
| 10:12 | Create | Militia |
| 10:26 | Create | Villager (Male) |
| 10:42 | Age | Feudal Age |
| 10:44 | Research | Man-at-Arms (upgrade) |
| 10:45 | Research | Man-at-Arms (upgrade) |
| 11:10 | Build | Watch Tower |
| 11:15 | Create | Villager (Male) |
| 11:26 | Build | House |
| 11:29 | Build | House |
| 11:31 | Create | Villager (Male) |
| 11:31 | Create | Villager (Male) |
| 11:47 | Build | Archery Range |
| 11:51 | Create | Villager (Male) |
| 11:52 | Create | Villager (Male) |
| 12:15 | Research | Loom |
| 12:47 | Create | Villager (Male) |
| 12:48 | Create | Villager (Male) |
| 12:59 | Create | Villager (Male) |
| 13:01 | Create | Archer |
| 13:01 | Create | Archer |
| 13:16 | Build | Watch Tower |
| 13:21 | Research | Arson |
| 13:24 | Build | Blacksmith |
| 13:31 | Research | Double-Bit Axe |
| 14:00 | Create | Villager (Male) |
| 14:01 | Create | Villager (Male) |
| 14:03 | Create | Archer |
| 14:15 | Create | Villager (Male) |
| 14:15 | Create | Villager (Male) |
| 14:18 | Build | Watch Tower |
| 14:34 | Build | Watch Tower |
| 14:40 | Research | Fletching |
| 14:42 | Create | Archer |
| 14:54 | Create | Archer |
| 14:54 | Create | Archer |
| 14:54 | Create | Villager (Male) |
| 14:55 | Create | Villager (Male) |
| 15:47 | Create | Archer |
| 15:52 | Build | Watch Tower |
| 15:59 | Build | Mill |
| 16:05 | Create | Archer |
| 16:06 | Create | Villager (Male) |
| 16:11 | Create | Archer |
| 16:16 | Create | Archer |
| 16:46 | Create | Villager (Male) |
| 16:46 | Create | Villager (Male) |
| 16:49 | Build | Archery Range |
| 16:59 | Create | Villager (Male) |
| 17:00 | Create | Villager (Male) |
| 17:28 | Build | Farm |
| 17:30 | Build | Farm |
| 17:31 | Build | House |
| 17:32 | Build | House |
| 17:41 | Research | Town Watch |
| 18:20 | Create | Skirmisher |
| 18:20 | Create | Skirmisher |
| 18:21 | Create | Villager (Male) |
| 18:21 | Create | Villager (Male) |
| 18:22 | Create | Villager (Male) |
| 18:22 | Create | Villager (Male) |
| 18:41 | Build | House |
| 18:47 | Create | Skirmisher |
| 18:47 | Create | Skirmisher |
| 18:53 | Build | Farm |
| 18:55 | Build | House |
| 19:23 | Create | Skirmisher |
| 19:23 | Create | Skirmisher |
| 19:24 | Create | Villager (Male) |
| 19:59 | Build | Watch Tower |
| 20:00 | Create | Villager (Male) |
| 20:00 | Create | Villager (Male) |
| 20:04 | Create | Skirmisher |
| 20:04 | Create | Skirmisher |
| 20:19 | Build | Outpost |
| 20:36 | Build | Lumber Camp |
| 20:46 | Create | Villager (Male) |
| 21:13 | Create | Archer |
| 21:13 | Create | Archer |
| 21:27 | Create | Archer |
| 21:30 | Create | Archer |
| 21:30 | Create | Villager (Male) |
| 21:32 | Build | Farm |
| 21:32 | Build | Farm |
| 21:40 | Create | Archer |
| 22:05 | Create | Archer |
| 22:05 | Create | Archer |
| 22:08 | Create | Villager (Male) |
| 22:08 | Create | Villager (Male) |
| 22:09 | Create | Villager (Male) |
| 22:10 | Build | Mining Camp |
| 22:33 | Research | Wheelbarrow |
Build order — Lemon
First 150 of 246 actions detected
| 0:00 | Create | Villager (Male) |
| 0:01 | Create | Villager (Male) |
| 0:01 | Create | Villager (Male) |
| 0:01 | Create | Villager (Male) |
| 0:02 | Build | House |
| 0:03 | Build | House |
| 1:29 | Create | Villager (Male) |
| 1:45 | Create | Villager (Male) |
| 1:51 | Build | Lumber Camp |
| 2:09 | Create | Villager (Male) |
| 2:41 | Create | Villager (Male) |
| 3:02 | Create | Villager (Male) |
| 3:33 | Build | House |
| 3:45 | Create | Villager (Male) |
| 4:12 | Create | Villager (Male) |
| 4:20 | Build | Palisade Wall |
| 4:22 | Build | Palisade Wall |
| 4:22 | Build | Palisade Wall |
| 4:25 | Create | Villager (Male) |
| 4:25 | Create | Villager (Male) |
| 4:48 | Build | Dock |
| 5:05 | Create | Villager (Male) |
| 5:05 | Create | Villager (Male) |
| 5:36 | Build | House |
| 5:50 | Create | Villager (Male) |
| 5:57 | Create | Fishing Ship |
| 6:02 | Create | Villager (Male) |
| 6:13 | Build | House |
| 6:17 | Build | Palisade Wall |
| 6:20 | Create | Fishing Ship |
| 6:39 | Create | Villager (Male) |
| 6:39 | Create | Villager (Male) |
| 6:51 | Create | Fishing Ship |
| 6:58 | Create | Villager (Male) |
| 7:02 | Build | House |
| 7:17 | Build | Palisade Wall |
| 7:18 | Create | Villager (Male) |
| 7:43 | Create | Villager (Male) |
| 7:51 | Build | Dock |
| 8:00 | Create | Fishing Ship |
| 8:00 | Create | Fishing Ship |
| 8:08 | Create | Villager (Male) |
| 8:08 | Create | Villager (Male) |
| 8:34 | Build | Lumber Camp |
| 8:56 | Create | Fishing Ship |
| 8:58 | Create | Villager (Male) |
| 9:17 | Create | Villager (Male) |
| 9:21 | Create | Fishing Ship |
| 9:21 | Create | Fishing Ship |
| 9:23 | Create | Villager (Male) |
| 9:25 | Create | Villager (Male) |
| 9:31 | Create | Villager (Male) |
| 9:43 | Create | Fishing Ship |
| 9:56 | Create | Fishing Ship |
| 10:07 | Build | House |
| 10:18 | Research | Feudal Age |
| 10:28 | Build | Mining Camp |
| 10:35 | Create | Fishing Ship |
| 10:44 | Build | House |
| 11:14 | Build | House |
| 11:19 | Build | House |
| 11:44 | Research | Loom |
| 11:49 | Build | House |
| 11:50 | Build | House |
| 11:52 | Build | House |
| 11:54 | Build | House |
| 12:00 | Build | Palisade Wall |
| 12:18 | Create | Villager (Male) |
| 12:20 | Build | House |
| 12:28 | Age | Feudal Age |
| 12:32 | Build | Watch Tower |
| 12:33 | Create | Villager (Male) |
| 12:44 | Create | Villager (Male) |
| 13:01 | Build | Palisade Gate |
| 13:02 | Build | House |
| 13:03 | Build | House |
| 13:04 | Create | Villager (Male) |
| 13:07 | Create | Villager (Male) |
| 13:08 | Create | Villager (Male) |
| 13:16 | Create | Villager (Male) |
| 13:18 | Create | Villager (Male) |
| 13:19 | Create | Villager (Male) |
| 13:19 | Create | Villager (Male) |
| 13:21 | Research | Double-Bit Axe |
| 13:28 | Build | House |
| 13:34 | Create | Villager (Male) |
| 13:35 | Build | Mill |
| 13:40 | Build | Palisade Wall |
| 13:46 | Build | Barracks |
| 13:47 | Create | Fishing Ship |
| 13:47 | Create | Fishing Ship |
| 13:56 | Build | House |
| 14:21 | Create | Villager (Male) |
| 14:26 | Create | Unit 2626 |
| 14:26 | Create | Unit 2626 |
| 14:34 | Build | House |
| 14:35 | Create | Villager (Male) |
| 14:42 | Create | Villager (Male) |
| 15:06 | Build | Palisade Wall |
| 15:07 | Build | Palisade Wall |
| 15:27 | Build | Archery Range |
| 15:28 | Create | Villager (Male) |
| 15:33 | Create | Villager (Male) |
| 15:34 | Create | Fishing Ship |
| 15:34 | Create | Fishing Ship |
| 15:45 | Create | Villager (Male) |
| 16:03 | Create | Skirmisher |
| 16:03 | Create | Skirmisher |
| 16:10 | Build | Blacksmith |
| 16:11 | Create | Villager (Male) |
| 16:14 | Create | Skirmisher |
| 16:21 | Create | Villager (Male) |
| 16:23 | Create | Villager (Male) |
| 16:28 | Build | Blacksmith |
| 16:37 | Create | Villager (Male) |
| 16:40 | Create | Villager (Male) |
| 16:40 | Create | Villager (Male) |
| 16:44 | Create | Skirmisher |
| 16:57 | Create | Villager (Male) |
| 17:00 | Create | Skirmisher |
| 17:00 | Create | Skirmisher |
| 17:00 | Create | Skirmisher |
| 17:05 | Create | Skirmisher |
| 17:06 | Create | Villager (Male) |
| 17:13 | Research | Fletching |
| 17:15 | Create | Villager (Male) |
| 17:23 | Create | Skirmisher |
| 17:30 | Create | Villager (Male) |
| 18:05 | Create | Villager (Male) |
| 18:10 | Create | Villager (Male) |
| 18:10 | Create | Villager (Male) |
| 18:17 | Research | Padded Archer Armor |
| 18:22 | Build | House |
| 18:30 | Create | Villager (Male) |
| 18:42 | Create | Villager (Male) |
| 19:02 | Build | Mill |
| 19:03 | Create | Villager (Male) |
| 19:05 | Create | Villager (Male) |
| 19:06 | Create | Fishing Ship |
| 19:06 | Create | Fishing Ship |
| 19:11 | Research | Tech 906 |
| 19:11 | Research | Tech 906 |
| 19:23 | Create | Villager (Male) |
| 19:45 | Build | Market |
| 19:47 | Build | House |
| 19:47 | Create | Villager (Male) |
| 20:04 | Create | Villager (Male) |
| 20:06 | Create | Skirmisher |
| 20:07 | Create | Villager (Male) |
| 20:14 | Create | Villager (Male) |
Match timeline
| 2:09 | 奉天讨贼 Latin America lagge · first_building Dock |
| 4:20 | Lemon · wall_segment Palisade Wall x6 |
| 4:22 | Lemon · wall_segment Palisade Wall x7 |
| 4:22 | Lemon · wall_segment Palisade Wall x1 |
| 4:48 | Lemon · first_building Dock |
| 6:17 | Lemon · wall_segment Palisade Wall x1 |
| 6:32 | 奉天讨贼 Latin America lagge · wall_segment Palisade Wall x4 |
| 6:38 | 奉天讨贼 Latin America lagge · wall_segment Palisade Wall x4 |
| 6:39 | 奉天讨贼 Latin America lagge · wall_segment Palisade Wall x4 |
| 6:42 | 奉天讨贼 Latin America lagge · wall_segment Palisade Wall x6 |
| 7:17 | Lemon · wall_segment Palisade Wall x1 |
| 8:19 | 奉天讨贼 Latin America lagge · first_building Barracks |
| 10:42 | 奉天讨贼 Latin America lagge · age_up feudal |
| 11:47 | 奉天讨贼 Latin America lagge · first_building Archery Range |
| 12:00 | Lemon · wall_segment Palisade Wall x6 |
| 12:28 | Lemon · age_up feudal |
| 13:40 | Lemon · wall_segment Palisade Wall x1 |
| 13:46 | Lemon · first_building Barracks |
| 15:06 | Lemon · wall_segment Palisade Wall x1 |
| 15:07 | Lemon · wall_segment Palisade Wall x1 |
| 15:27 | Lemon · first_building Archery Range |
| 22:19 | Lemon · first_market_sell 100 food |
| 22:20 | Lemon · first_market_buy 100 stone |
| 23:55 | 奉天讨贼 Latin America lagge · first_market_sell 500 wood |
| 23:55 | 奉天讨贼 Latin America lagge · first_market_buy 100 food |
| 25:37 | 奉天讨贼 Latin America lagge · first_building Stable |
| 27:17 | 奉天讨贼 Latin America lagge · age_up castle |
| 28:32 | 奉天讨贼 Latin America lagge · first_building Siege Workshop |
| 28:33 | Lemon · age_up castle |
| 28:36 | Lemon · first_building Castle |
| 29:12 | 奉天讨贼 Latin America lagge · first_building Castle |
| 30:56 | Lemon · wall_segment Palisade Wall x1 |
| 31:37 | Lemon · wall_segment Palisade Wall x1 |
| 31:53 | Lemon · resign |
[ AI ANALYSIS · 1 CREDIT ]
What really happened in this match?
Wolo.gg analyzes every decision: build order, eco, micro, common mistakes by bracket. Personalized analysis on WhatsApp or Discord in 30 seconds.
Civ guide
Wu
Perfil
奉天讨贼 Latin America lagge